 Dungeon Crawl Stone Soup version 0.25-a0-834-g55863b0b92 (webtiles) character file.

Game seed: 16346884083663168833, levelgen mode: deterministic

137830 minotaur3rune the Executioner (level 16, 0/144 HPs)
             Began as a Minotaur Berserker on Apr 22, 2020.
             Was an Elder of Trog.
             Hit by a javelin thrown by a merfolk javelineer (23 damage)
             ... on level 4 of the Shoals.
             The game lasted 01:16:42 (39368 turns).

minotaur3rune the Executioner (Minotaur Berserker) Turns: 39368, Time: 01:16:43

Health: 0/144      AC: 29    Str: 36    XL:     16   Next: 69%
Magic:  16/16      EV: 12    Int:  8    God:    Trog [****..]
Gold:   622        SH:  0    Dex: 16    Spells: 15/15 levels left

rFire    . . .     SeeInvis +   e - +5 executioner's axe (vorpal)
rCold    . . .     Gourm    .   (shield currently unavailable)
rNeg     + . .     Faith    +   S - +10 scale mail "Kuaplul" {rElec rCorr Str+7 Int+4}
rPois    .         Spirit   .   n - +2 hat {MR+}
rElec    +         Reflect  .   x - +0 cloak {+Inv}
rCorr    +         Harm     .   u - +0 pair of gloves
MR       +++++                  P - +2 pair of boots
Stlth    ..........             H - amulet of faith
HPRegen  1.34/turn              V - ring of Poqen {rN+ MR+ Str+3 Dex+3 Slay-3}
MPRegen  0.15/turn              F - ring of see invisible

@: lethally poisoned (0 -> -2), regenerating
A: retaliatory headbutt, horns 2
a: Berserk, Trog's Hand, Brothers in Arms, Renounce Religion, Evoke Invisibility


You were on level 4 of the Shoals.
You worshipped Trog.
Trog was greatly pleased with you.
You were not hungry.

You visited 4 branches of the dungeon, and saw 27 of its levels.
You also visited: Ice Cave.

You collected 2623 gold pieces.
You spent 2001 gold pieces at shops.

Inventory:

Hand Weapons
 e - a +5 vorpal executioner's axe (weapon)
 I - a +4 antimagic broad axe
Missiles
 h - 2 throwing nets
 U - 26 boomerangs (quivered)
Armour
 n - a +2 hat of magic resistance (worn)
 u - a +0 pair of gloves (worn)
 x - a +0 cloak of invisibility (worn)
 P - a +2 pair of boots (worn)
 S - the +10 scale mail "Kuaplul" (worn) {rElec rCorr Str+7 Int+4}
   (You bought it in a shop on level 3 of the Shoals)

   It affects your strength (+7).
   It affects your intelligence (+4).
   It insulates you from electricity.
   It provides partial protection from all sources of acid and corrosion.
Jewellery
 z - an uncursed ring of positive energy
 A - the amulet of Greed {RegenMP MR+ Int+4}
   (You found it on level 6 of the Lair of Beasts)

   [amulet of magic regeneration]

   It increases your magic regeneration.
   It affects your intelligence (+4).
   It affects your resistance to hostile enchantments.
 F - a ring of see invisible (right hand)
 H - an amulet of faith (around neck)
 K - a +6 ring of protection
 N - an uncursed ring of fire
 V - the ring of Poqen (left hand) {rN+ MR+ Str+3 Dex+3 Slay-3}
   (You bought it in a shop on level 14 of the Dungeon)

   [ring of slaying]

   It affects your strength (+3).
   It affects your dexterity (+3).
   It affects your accuracy and damage with ranged weapons and melee attacks
   (-3).
   It protects you from negative energy.
   It affects your resistance to hostile enchantments.
 Z - an uncursed ring of protection from cold
Wands
 j - a wand of iceblast (18)
 r - a wand of enslavement (15)
 B - a wand of digging (24)
 G - a wand of flame (21)
 O - a wand of acid (5)
 T - a wand of polymorph (20)
Scrolls
 a - a scroll of fear
 d - 6 scrolls of enchant weapon
 f - a scroll of immolation
 i - 13 scrolls of remove curse
 l - 10 scrolls of teleportation
 m - a scroll of vulnerability {unknown}
 q - 2 scrolls of magic mapping
 w - a scroll of brand weapon {unknown}
 y - a scroll of fog
 D - 5 scrolls of enchant armour
 E - 2 scrolls of identify
 Q - 4 scrolls of summoning
 R - a scroll of silence {unknown}
 W - a scroll of acquirement {unknown}
Potions
 b - 10 potions of might
 k - 2 potions of ambrosia
 o - 3 potions of curing
 p - 8 potions of flight
 s - a potion of mutation {unknown}
 t - 3 potions of resistance
 C - 2 potions of lignification
 J - 2 potions of cancellation {unknown}
 L - a potion of heal wounds
 M - 2 potions of invisibility
 X - a potion of haste
Miscellaneous
 Y - a lightning rod (4/4)
Comestibles
 c - 31 rations


   Skills:
 + Level 13.4 Fighting
 + Level 26.9 Axes
 + Level 6.0 Throwing
 - Level 15.0 Armour
 - Level 2.1 Dodging
 + Level 2.5 Evocations


You had 15 spell levels left.
You didn't know any spells.
Your spell library contained the following spells:

 Spells                   Type           Power        Failure   Level  Hunger
 Animate Skeleton         Necr           N/A          54%         1    ##.....
 Pain                     Necr           #...         54%         1    ##.....
 Vampiric Draining        Necr           #.........   89%         3    ####...
 Animate Dead             Necr           N/A          100%        4    #####..
 Agony                    Necr           #.......     100%        5    ######.


Dungeon Overview and Level Annotations

Branches:
Dungeon (15/15)            Temple (0/1) D:7            Lair (6/6) D:8
 Shoals (4/4) Lair:4        Snake (0/4) Lair:2        Slime (0/5) Lair:5
    Orc (2/2) D:12            Elf (0/3) Orc:2        Vaults (0/5) D:13
 Depths (0/5) D:15          IceCv (visited)

Altars:
Dithmenos
Fedhas
Gozag
Makhleb
Nemelex Xobeh
Xom
The Shining One
Beogh
Jiyva

Shops:
D:4 =   D:14 =   Orc:2 [*:(   Shoals:3 *

Annotations:
Lair:6 3 runed translucent doors, exclusion: 3 doors, Sattiuw's ghost, journeyman MiBe


Innate Abilities, Weirdness & Mutations

You reflexively headbutt those who attack you in melee.
You have a pair of horns on your head.


Message History

Unknown command.
Unknown command.
You feel sick.
Unknown command.
You feel very sick.
You feel sick.
The merfolk javelineer throws a silver javelin.
The silver javelin pierces through you but does no damage.
You see here a silver javelin.
Okay, then.
You feel sick.
Your skin crawls.
You feel resistant to hostile enchantments.
You feel quite a bit more hungry.
You feel sick.
The merfolk javelineer throws a silver javelin.
The silver javelin pierces through you!
* * * LOW HITPOINT WARNING * * *
x2 The merfolk javelineer throws a javelin.
The javelin pierces through you!!
You die...

≈≈≈≈≈≈................≈≈≈≈≈≈≈≈≈≈≈
≈≈≈......#.≈.....)......≈≈≈≈≈≈≈≈≈
.........#.≈...?........≈≈≈≈≈≈≈≈≈
...........≈.........≈≈≈≈≈≈≈≈≈≈≈≈
....≈...≈≈≈≈≈≈......≈≈≈≈≈≈≈≈≈P≈≈≈
..#########≈≈≈≈≈...≈≈≈≈≈≈≈≈≈≈≈≈≈≈
...#*≈≈≈≈≈##≈≈≈≈≈..≈≈≈≈.≈..≈≈≈≈≈P
..##≈*,,,,≈##≈≈..≈≈≈≈≈≈...#.≈≈≈≈≈
..#≈#,,≈≈,,≈#≈≈.@≈≈≈≈≈≈.#########
..#≈≈≈≈#≈*≈≈#≈≈.(.≈≈≈≈≈.# **≈≈≈≈
..#≈≈≈##≈≈,≈#≈.......≈..# **≈*,,,
≈.#≈.≈≈≈≈≈,≈#........≈..##*≈*,,≈≈
≈≈#≈..#≈≈≈#.#...(.....≈..##≈,,≈*≈
≈≈##≈...≈#.#...(((?.....<.#≈,≈*#≈
≈≈≈##≈....#((..)(....≈≈..≈#≈,≈≈≈≈
≈≈≈.######)..m...†..m≈≈..≈#≈,,*≈.
≈≈≈..≈≈≈≈..(.......≈≈≈≈≈..#*≈,,..


You could see 2 merfolk javelineers.

Vanquished Creatures
  Saint Roka (Orc:2)
  A frost giant (IceCv)
  A dire elephant (D:15)
  2 merfolk javelineers
  3 merfolk impalers
  Josephine (D:12)
  4 hydras
  5 catoblepae
  3 alligator snapping turtles
  A death knight (D:15)
  A centaur warrior (D:14)
  2 merfolk aquamancers
  3 satyrs
  2 ogre magi
  8 two-headed ogres
  7 death yaks (Lair:6)
  3 orc high priests
  A merfolk avatar (Shoals:3)
  A dancing weapon (Orc:1)
  A deep elf knight (D:13)
  5 skeletal warriors
  6 sea snakes
  8 orc knights
  4 lindwurms (D:13)
  7 harpies
  Pikel (D:6)
  4 ugly things (D:15)
  2 orc sorcerers (Orc:2)
  4 deep elf magi (D:13)
  15 manticores
  14 fauns
  10 merfolk sirens
  Maurice (D:11)
  6 water nymphs
  An ice statue (IceCv)
  8 elephants
  5 black mambas
  A molten gargoyle (D:11)
  4 kobold demonologists
  A gargoyle (D:13)
  7 spiny frogs
  2 rime drakes (Orc:2)
  6 komodo dragons
  3 trolls
  17 polar bears
  A queen bee (D:13)
  13 merfolk
  3 meliai (D:13)
  Grinder (D:6)
  10 wind drakes
  6 slime creatures
  3 blink frogs (Lair:6)
  11 hippogriffs
  Prince Ribbit (D:6)
  5 dream sheep (Lair:5)
  A hornet (D:8)
  8 snapping turtles
  5 water elementals
  Sigmund (D:2)
  A spriggan (D:9)
  5 shadows
  5 wraiths
  77 yaks
  2 wyverns
  3 basilisks
  4 hungry ghosts
  A steam dragon (D:13)
  9 vampire mosquitoes
  Edmund (D:5)
  7 nagas (Lair:2)
  4 wargs
  An acid dragon (D:15)
  16 water moccasins
  2 soldier ants
  6 porcupines
  6 sky beasts
  A slave (D:6)
  A hornet zombie (D:15)
  24 orc warriors
  4 ice beasts
  4 phantoms
  An eye of draining (D:13)
  A necrophage (D:7)
  2 black bears
  3 centaurs
  19 ogres
  24 wolves
  18 crocodiles
  Blork the orc (Orc:2)
  4 big kobolds
  2 gnoll sergeants
  24 bullfrogs
  5 scorpions
  34 killer bees
  3 wights (D:8)
  An electric eel (Lair:1)
  2 centaur zombies
  2 howler monkeys
  2 bullfrog zombies
  10 crimson imps
  9 centaur skeletons
  3 jellies
  19 orc priests
  22 orc wizards
  A gnoll shaman (D:7)
  4 hounds
  4 bullfrog skeletons
  6 iguanas
  10 worker ants
  3 hound zombies
  7 gnolls
  2 river rats (D:3)
  17 adders
  2 shadow imps
  An adder zombie (D:8)
  6 worms
  2 dart slugs
  14 leopard geckos
  68 orcs
  10 bats
  6 giant cockroaches
  4 goblins
  6 hobgoblins
  10 jackals
  30 kobolds
  6 quokkas
  2 ball pythons (D:3)
  7 frilled lizards
  A jackal skeleton (D:9)
  A quokka zombie (D:6)
  9 rats
  5 fungi
  2 plants (Lair:6)
903 creatures vanquished.

Vanquished Creatures (collateral kills)
  3 hydras
  3 molten gargoyles (D:11)
  Maggie (D:7)
  3 rime drakes (Lair:2)
  A yak (Lair:6)
  An acid dragon (D:13)
  A lava snake (D:11)
13 creatures vanquished.

Vanquished Creatures (others)
  5 dream sheep (D:9)
  2 slaves (D:6)
  A bullfrog (D:6)
  A howler monkey (D:6)
  A crimson imp (D:6)
  A centaur zombie (D:7)
  A bullfrog zombie (D:7)
  8 fungi
  7 plants
  8 toadstools (Lair:2)
35 creatures vanquished.

Grand Total: 951 creatures vanquished

Notes
Turn   | Place    | Note
-------+----------+-------------------------------------------
     0 | D:1      | minotaur3rune the Minotaur Berserker began the quest for
                  | the Orb.
     0 | D:1      | Reached XP level 1. HP: 19/19 MP: 0/0
   216 | D:1      | Reached skill level 4 in Axes
   220 | D:1      | Reached XP level 2. HP: 27/27 MP: 1/1
   365 | D:1      | You fall into a shaft and drop 1 floor!
   417 | D:2      | Reached XP level 3. HP: 33/33 MP: 2/2
   539 | D:2      | You fall into a shaft and drop 2 floors!
   546 | D:4      | Reached ** piety under Trog
   548 | D:4      | Reached XP level 4. HP: 40/40 MP: 3/3
   623 | D:4      | Found a sparkling altar of Nemelex Xobeh.
   657 | D:4      | Found Dyuwko's Jewellery Shop.
   679 | D:4      | Reached skill level 5 in Axes
   825 | D:3      | Found an opulent altar of Gozag.
   976 | D:3      | Reached XP level 5. HP: 47/47 MP: 4/4
  1382 | D:3      | Found a blossoming altar of Fedhas.
  1382 | D:3      | Reached skill level 6 in Axes
  1593 | D:2      | Noticed Sigmund
  1611 | D:2      | Killed Sigmund
  1611 | D:2      | Reached skill level 5 in Fighting
  1611 | D:2      | Reached skill level 7 in Axes
  1611 | D:2      | Reached XP level 6. HP: 40/56 MP: 5/5
  2260 | D:1      | Reached *** piety under Trog
  3173 | D:4      | Reached skill level 5 in Armour
  3630 | D:5      | Entered Level 5 of the Dungeon
  3672 | D:5      | Reached XP level 7. HP: 43/61 MP: 6/6
  3781 | D:5      | Reached skill level 8 in Axes
  3960 | D:5      | Reached skill level 9 in Axes
  4069 | D:5      | Noticed Edmund
  4080 | D:5      | Killed Edmund
  4080 | D:5      | Reached skill level 10 in Axes
  4080 | D:5      | Reached XP level 8. HP: 62/68 MP: 7/7
  4338 | D:5      | HP: 3/68 [poisoned by an orc wizard]
  4872 | D:5      | Reached skill level 11 in Axes
  5178 | D:6      | Noticed Prince Ribbit
  5193 | D:6      | Killed Prince Ribbit
  5193 | D:6      | Reached skill level 12 in Axes
  5264 | D:6      | Reached **** piety under Trog
  5626 | D:6      | Reached skill level 13 in Axes
  5626 | D:6      | Reached XP level 9. HP: 43/74 MP: 8/8
  5706 | D:6      | Noticed Grinder
  5714 | D:6      | Killed Grinder
  5921 | D:6      | Noticed Pikel
  5929 | D:6      | Killed Pikel
  5929 | D:6      | Reached skill level 14 in Axes
  6411 | D:7      | Reached skill level 15 in Axes
  6566 | D:7      | Reached ***** piety under Trog
  6566 | D:7      | Received a gift from Trog
  6656 | D:7      | Reached XP level 10. HP: 81/81 MP: 9/9
  6680 | D:7      | Noticed Maggie
  6690 | D:7      | Killed Maggie
  6900 | D:7      | Found a staircase to the Ecumenical Temple.
  6947 | D:7      | Reached skill level 16 in Axes
  7255 | D:7      | Found a glowing golden altar of the Shining One.
  8035 | D:8      | Found a staircase to the Lair.
  8430 | D:8      | Paralysed by a hornet for 2 turns
  8649 | D:8      | Found a burning altar of Makhleb.
  9174 | D:8      | Noticed a two-headed ogre
  9183 | D:8      | Killed a two-headed ogre
  9183 | D:8      | Reached skill level 17 in Axes
  9647 | D:9      | Reached skill level 18 in Axes
  9757 | D:9      | Found a shimmering altar of Xom.
  9901 | D:9      | Reached XP level 11. HP: 66/88 MP: 10/10
 10265 | D:9      | Found a shadowy altar of Dithmenos.
 10315 | D:10     | Entered Level 10 of the Dungeon
 11104 | D:11     | Noticed a six-headed hydra
 11114 | D:11     | Killed a six-headed hydra
 11138 | D:11     | Noticed Maurice
 11158 | D:11     | Killed Maurice
 11289 | D:11     | Paralysed by fainting for 9 turns
 12294 | Lair:1   | Entered Level 1 of the Lair of Beasts
 12392 | Lair:1   | Reached skill level 19 in Axes
 12953 | Lair:1   | Received a gift from Trog
 13247 | Lair:2   | Noticed a six-headed hydra
 13254 | Lair:2   | Killed a six-headed hydra
 13784 | Lair:2   | Noticed a catoblepas
 13784 | Lair:2   | Noticed a catoblepas
 13805 | Lair:2   | Found a runed translucent door.
 13841 | Lair:2   | Noticed a five-headed hydra
 13845 | Lair:2   | Reached XP level 12. HP: 94/103 MP: 11/11
 13873 | Lair:2   | Killed an eight-headed hydra
 13875 | Lair:2   | Reached skill level 20 in Axes
 14205 | Lair:2   | Found a staircase to the Snake Pit.
 14893 | Lair:2   | Killed a catoblepas
 14974 | Lair:2   | Killed a catoblepas
 15426 | Lair:3   | Reached skill level 10 in Fighting
 16090 | Lair:4   | Reached skill level 21 in Axes
 17386 | Lair:4   | Found a staircase to the Shoals.
 17396 | Lair:4   | Reached XP level 13. HP: 113/113 MP: 12/12
 17585 | Lair:5   | Found a viscous altar of Jiyva.
 17586 | Lair:5   | Found a staircase to the Slime Pits.
 17696 | Lair:5   | Reached skill level 22 in Axes
 18347 | Lair:6   | Entered Level 6 of the Lair of Beasts
 18756 | Lair:6   | Found a runed translucent gate.
 18756 | Lair:6   | Found a runed translucent gate.
 18756 | Lair:6   | Found a runed translucent gate.
 18756 | Lair:6   | Noticed Sattiuw's ghost (journeyman MiBe)
 19342 | Lair:6   | Reached skill level 23 in Axes
 21212 | D:12     | Noticed Josephine
 21223 | D:12     | Killed Josephine
 21313 | D:12     | Found a staircase to the Orcish Mines.
 21611 | D:13     | Reached skill level 24 in Axes
 21615 | D:13     | Received a gift from Trog
 21638 | D:13     | Reached XP level 14. HP: 108/121 MP: 13/13
 23345 | D:13     | Found a gate to the Vaults.
 23568 | D:13     | Received a gift from Trog
 24251 | D:14     | Reached skill level 25 in Axes
 24638 | D:14     | Found Fiuqehot's Jewellery Emporium.
 24642 | D:14     | Bought the cursed ring of Poqen {rN+ MR+ Str+3 Dex+3
                  | Slay-3} for 362 gold pieces
 25180 | D:15     | Entered Level 15 of the Dungeon
 25650 | D:15     | Reached skill level 10 in Armour
 26411 | D:15     | Found a staircase to the Depths.
 27311 | Lair:6   | Reached XP level 15. HP: 121/126 MP: 14/14
 27467 | Lair:6   | Got a shimmering ivory amulet
 27468 | Lair:6   | Identified the amulet of Greed {RegenMP MR+ Int+4} (You
                  | found it on level 6 of the Lair of Beasts)
 27745 | Orc:1    | Entered Level 1 of the Orcish Mines
 27858 | Orc:1    | Received a gift from Trog
 27923 | Orc:1    | Reached skill level 26 in Axes
 28734 | Orc:2    | Entered Level 2 of the Orcish Mines
 28753 | Orc:2    | Found a frozen archway.
 28784 | IceCv    | Entered an ice cave
 29445 | IceCv    | Reached skill level 15 in Armour
 29457 | IceCv    | Noticed a frost giant
 29517 | IceCv    | Killed a frost giant
 30211 | Orc:2    | Noticed Blork the orc
 30256 | Orc:2    | Killed Blork the orc
 30399 | Orc:2    | Found a roughly hewn altar of Beogh.
 30401 | Orc:2    | Noticed Saint Roka
 31299 | Orc:2    | Killed Saint Roka
 31443 | Orc:2    | Found Puych's Antique Weapon Boutique.
 31457 | Orc:2    | Found Senuffia's General Store.
 31523 | Orc:2    | Bought a potion of haste for 170 gold pieces
 31523 | Orc:2    | Bought a potion of heal wounds for 85 gold pieces
 31523 | Orc:2    | Bought a scroll of enchant armour for 127 gold pieces
 31532 | Orc:2    | Found Muleus's Antique Armour Boutique.
 31586 | Orc:2    | Found a staircase to the Elven Halls.
 31607 | Orc:2    | Found Onusant's Book Boutique.
 32060 | Shoals:1 | Entered Level 1 of the Shoals
 32740 | Shoals:1 | Reached skill level 1 in Throwing
 33332 | Shoals:1 | Reached XP level 16. HP: 23/139 MP: 15/15
 34092 | Shoals:2 | Received a gift from Trog
 36718 | Shoals:3 | Found Mewuruk's General Store.
 36728 | Shoals:3 | Bought the +10 scale mail "Kuaplul" {rElec rCorr Str+7
                  | Int+4} for 1257 gold pieces
 36874 | Shoals:3 | Reached skill level 5 in Throwing
 37457 | Shoals:4 | Entered Level 4 of the Shoals
 37740 | Shoals:4 | Reached skill level 1 in Evocations
 38561 | Shoals:4 | Received a gift from Trog
 39368 | Shoals:4 | Hit by a javelin thrown by a merfolk javelineer

Levels and vault maps discovered:
D:1:      dpeg_arrival_more_subterranean_lakeside_camping, layout_basic,
          hangedman_abyss_or_decor_lesser_grid, minmay_misc_feat_alley,
          ebering_dispersal_statue_hall, minmay_pentomino_z4
D:2:      layout_basic, uniq_sigmund
D:3:      layout_loops_corners, lemuel_coloured_pillars_altar,
          portal_sewer_entry_e, first_ration, grunt_gozag_breadcrumbs
D:4:      layout_loops_cross, serial_shops, nicolae_shop_crystal,
          nemelex_lonely_heart_becter
D:5:      layout_basic, uniq_edmund
D:6:      layout_loops_cross, chequers_mini_garden, uniq_prince_ribbit1,
          uniq_grinder, uniq_pikel
D:7:      layout_basic, tso_oasis_becter, lemuel_temple_firewalk_a,
          chequers_serial_rivers_large_a, uniq_maggie
D:8:      layout_gridville, kennysheep_mini_moat, erik_lair_orcish_takeover
D:9:      layout_cave_pools, kennysheep_mini, the_bakery, kb_xom_exploding_sheep
D:10:     layout_rooms
D:11:     layout_stronghold, minivault_8, uniq_maurice
D:12:     layout_basic, orc_0_dummy, grunt_ministairs_10, uniq_josephine
D:13:     layout_roguey, hangedman_vaults_entry_quadrant_bands, special_room
          [special_room_bee], minivault_16, minmay_lindwurm_lava
D:14:     layout_stronghold, kennysheep_small_spiral, serial_shops, shop
D:15:     hangedman_depths_entry_try_elsewhere_first, layout_loops_corners
Lair:1:   lemuel_reptile_caves, layout_regular_city
Lair:2:   gammafunk_lair_enchanted_lake, layout_regular_city,
          minmay_snake_entry_guardpost_medium, grunt_megastairs_2
Lair:3:   layout_misc_corridors, grunt_megastairs_1
Lair:4:   layout_regular_city, minmay_shoals_entry_lonely_mermaid
Lair:5:   layout_concentric_octagons, dpeg_slime_entry_enclosed_altar
Lair:6:   evilmike_catoblepas_cave, layout_long_grid, ebering_ghost_rock_garden
Shoals:1: layout_shoals
Shoals:2: layout_shoals
Shoals:3: layout_shoals, serial_shops, shop
Shoals:4: shoals_end_hangedman, layout_shoals
Orc:1:    layout_diamond_mine, basic_altar, sword_in_stone
Orc:2:    grunt_orc_cross, layout_caves, portal_ice_cave_rime

Skill      XL: |  1  2  3  4  5  6  7  8  9 10 11 12 13 14 15 16 |
---------------+-------------------------------------------------+-----
Axes           | 4 5 7 10 13 15 18 19 21 24 25 26 | 26.9
Fighting       | 4 5 8 10 11 13 | 13.4
Armour         | 3 4 5 11 15 | 15.0
Throwing       | 2 6 |  6.0
Evocations     | 2 |  2.5
Dodging        | |  2.1

Action                   |  1- 3 |  4- 6 |  7- 9 | 10-12 | 13-15 | 16-18 || total
-------------------------+-------+-------+-------+-------+-------+-------++-------
Melee: Hand axe          |    25 |   142 |   128 |       |       |       ||   295
       Headbutt          |     3 |    25 |    41 |   120 |   348 |    72 ||   609
       War axe           |       |       |    93 |   631 |  1098 |       ||  1822
       Battleaxe         |       |       |    11 |     5 |   243 |   247 ||   506
       Executioner's axe |       |       |       |       |       |    49 ||    49
Throw: Boomerang         |       |       |       |       |       |    82 ||    82
Invok: Berserk           |     3 |     2 |    10 |    11 |     9 |     7 ||    42
       Trog's Hand       |       |     2 |     2 |     6 |    15 |     7 ||    32
       Brothers in Arms  |       |       |       |     7 |     8 |     1 ||    16
Evoke: Wand              |       |       |       |       |    17 |     3 ||    20
  Use: Scroll            |       |     1 |     4 |    12 |    17 |     5 ||    39
       Potion            |       |       |     4 |     2 |     9 |     4 ||    19
 Stab: Invisible         |       |       |       |       |     7 |       ||     7
       Petrified         |       |       |       |       |     3 |       ||     3
       Confused          |       |       |       |       |     1 |       ||     1
  Eat: Chunk             |       |    10 |    11 |    30 |    48 |    18 ||   117
       Ration            |       |     1 |     2 |     8 |     7 |     3 ||    21
Armor: Animal skin       |     2 |     3 |       |       |       |       ||     5
       Ring mail         |       |    21 |    20 |       |       |       ||    41
       Scale mail        |       |       |    11 |       |       |   102 ||   113
       Chain mail        |       |       |    49 |    13 |       |       ||    62
       Plate armour      |       |       |       |   265 |   806 |   150 ||  1221
       Skin              |       |       |       |       |     2 |       ||     2
Dodge: Dodged            |    28 |   107 |   140 |   242 |   621 |   203 ||  1341

Table legend:
 A = Non-vault XP
 B = Vault XP
 C = Vault XP percentage of total XP
 D = Non-vault monster count
 E = Vault monster count
 F = Vault count percentage of total count
                 A         B        C        D         E       F
            +---------+---------+-------+---------+---------+-------
      Total |  119130 |   77770 |  39.5 |     654 |     254 |  28.0
            +---------+---------+-------+---------+---------+-------
        D:1 |      44 |       4 |   8.3 |      23 |       2 |   8.0
        D:2 |      94 |     223 |  70.3 |      17 |       1 |   5.6
        D:3 |     120 |      37 |  23.6 |      27 |       8 |  22.9
        D:4 |     207 |       0 |   0.0 |      14 |       0 |   0.0
        D:5 |     962 |     173 |  15.2 |      19 |       1 |   5.0
        D:6 |    1116 |    1138 |  50.5 |      31 |       3 |   8.8
        D:7 |    2003 |     276 |  12.1 |      41 |       1 |   2.4
        D:8 |    1922 |     678 |  26.1 |      20 |       9 |  31.0
        D:9 |    2697 |     220 |   7.5 |      25 |       1 |   3.8
       D:10 |     968 |       0 |   0.0 |      10 |       0 |   0.0
       D:11 |    1564 |    1575 |  50.2 |      19 |       5 |  20.8
       D:12 |    4637 |    2008 |  30.2 |      30 |       7 |  18.9
       D:13 |    5808 |   14068 |  70.8 |      37 |      49 |  57.0
       D:14 |    4932 |       0 |   0.0 |      25 |       0 |   0.0
       D:15 |    8732 |    2567 |  22.7 |      24 |       4 |  14.3
     Lair:1 |    2333 |    1234 |  34.6 |      16 |      25 |  61.0
     Lair:2 |    2679 |    5870 |  68.7 |      13 |      18 |  58.1
     Lair:3 |     995 |     524 |  34.5 |       5 |       2 |  28.6
     Lair:4 |    8239 |     514 |   5.9 |      39 |       1 |   2.5
     Lair:5 |    4948 |       0 |   0.0 |      21 |       0 |   0.0
     Lair:6 |   10803 |   11901 |  52.4 |      36 |      23 |  39.0
   Shoals:1 |   11657 |       0 |   0.0 |      24 |       0 |   0.0
   Shoals:2 |   19202 |       0 |   0.0 |      39 |       0 |   0.0
   Shoals:3 |    8188 |       0 |   0.0 |      18 |       0 |   0.0
   Shoals:4 |    4173 |   10579 |  71.7 |      11 |      17 |  60.7
      Orc:1 |    6906 |    2851 |  29.2 |      39 |       6 |  13.3
      Orc:2 |    3201 |   11668 |  78.5 |      31 |      35 |  53.0
      IceCv |       0 |    9662 | 100.0 |       0 |      36 | 100.0
            +---------+---------+-------+---------+---------+-------
